 Dungeon Crawl Stone Soup version 0.31-a0-435-g2c6fae2916 (webtiles) character file.

Game seed: 14029503041909849877

228 spiderkeys the Ruffian (level 6, -6/41 HPs)
             Began as an Octopode Shapeshifter on Aug 1, 2023.
             Mangled by an orc
             ... wielding a +0 trident
              (8 damage)
             ... on level 4 of the Dungeon.
             The game lasted 00:03:31 (3314 turns).

spiderkeys the Ruffian (Octopode Shapeshifter)      Turns: 3314, Time: 00:03:31

Health: -6/41      AC:  1    Str: 16    XL:     6   Next: 2%
Magic:  6/6        EV: 14    Int: 10    God:
Gold:   144        SH:  0    Dex: 13    Spells: 5/5 levels left

rFire   . .          .
                       - Unarmed
rCold   . . .        (no shield)
rNeg    . . .        (helmet currently unavailable)
rPois   .            (no amulet)
rElec   .            (no ring)
rCorr   .            (no ring)
SInv    .            (no ring)
Will    .....        (no ring)
Stlth   ++           (no ring)
HPRegen 0.26/turn    (no ring)
MPRegen 0.10/turn    (no ring)
                     (no ring)

%: no passive effects
@: beast-form
A: beast (slay +2), almost no armour, amphibious, 8 rings, camouflage 1,
gelatinous body 1, (nimble swimmer 1), tentacles
a: Begin Untransformation


You were on level 4 of the Dungeon.
You were a hulking beast.
You visited 1 branch of the dungeon, and saw 4 of its levels.

You collected 144 gold pieces.


Innate Abilities, Weirdness & Mutations

You are a hulking beast.
Your limbs bulge with bestial killing power. (Slay +2)
You cannot wear most types of armour.
You are amphibious.
You can wear up to eight rings at the same time.
Your skin changes colour to match your surroundings (Stealth+).
Your rubbery body absorbs attacks. (AC +1, EV +1)
((You are camouflaged when in or above water. (Stealth+)))
You have tentacles for arms and can constrict up to eight enemies at once.


   Skills:
 + Level 2.9 Fighting
 + Level 3.3 Dodging
 + Level 4.2 Unarmed Combat
 + Level 3.8 Shapeshifting


You had 5 spell levels left.
You didn't know any spells.
Your spell library was empty.

Inventory:

Hand Weapons
 v - the +4 spear "Loghauqe" {freeze, *Noise rElec Will+}
   (You found it on level 4 of the Dungeon)

   rElec:     It insulates you from electricity.
   *Noise:    It may make noises in combat.
   Will:      It increases your willpower.
Missiles
 c - 24 stones
 d - 4 javelins
 k - 7 poisoned darts
Talismans
 b - a beast talisman (active)
Wands
 s - a wand of flame (14)
   (You found it on level 4 of the Dungeon)
 u - a wand of mindburst (8)
   (You took it off Ijyb on level 4 of the Dungeon)
Scrolls
 e - 2 scrolls of teleportation {@r4}
 f - a scroll of blinking {!r}
 i - a scroll of vulnerability {!r!r}
 n - 4 scrolls of identify {@r1}
 o - a scroll of enchant armour {unknown}
 p - a scroll of fog {unknown}
 q - a scroll of poison {unknown}
 t - a scroll of acquirement {unknown}
Potions
 a - a potion of lignification {!q}
 g - a potion of heal wounds {unknown}
 h - 3 potions of curing {unknown}
 j - a potion of brilliance {unknown}
 l - a potion of haste {@q3}
 m - a potion of ambrosia {unknown}
 r - a potion of degeneration {unknown}

Dungeon Overview and Level Annotations

Branches:
Dungeon (4/15) Zot: 20711  Temple (0/1) D:4

Altars:
Hepliaklqana
Ru
Uskayaw
Xom
The Shining One

Shops:
D:1

! ### ..# #.# #.# ##.##
##.#>##########
##########.###.#........
.......##.## ##.......#
.#####.....# #.#h{..#.#
.# ######.#.##.)o.#
.###### #.# #....#
....... .......####
.###### ### ##b## .# #..
.# #. .# #. .###### #..


You could see an orc.


Message History

Found a hazy altar of Hepliaklqana.
Found a sacrificial altar of Ru.
Found a hide-covered altar of Uskayaw.
There is a stone staircase leading down here.
Things that are here:
a +0 dagger; a +0 ring mail You see here a +0 whip.
You now have 144 gold pieces (gained 12).
v - the +4 spear "Loghauqe" {freeze, *Noise rElec Will+} An iguana comes into view.
An iguana is nearby!
An iguana is nearby!
An iguana is nearby!
The iguana hisses angrily.
You closely miss the iguana. You grab the iguana. You squeeze the iguana!
You constrict the iguana. The iguana bites you. 😕 HP[-6]
You take 6 damage, and now have 29/35 hp.
You tentacle-slap the iguana. You constrict the iguana.
The iguana bites you. 😮 HP[-6]
You take 6 damage, and now have 23/35 hp.
You are too injured to fight recklessly!
You are too injured to fight recklessly!
You are too injured to fight recklessly!
You tentacle-slap the iguana.
You kill the iguana!
You have reached level 6! 😮 HP[+4] MP[+1]
You now have 41 max hp (+6).
You regained 4 hp, and now have 27/41 hp.
Your mp is fully restored (6).
An orc comes into view. It is wielding a +0 hand axe.
Found a stone staircase leading down and a staircase to the Ecumenical Temple. 😎 HP[+14]
Your hp is fully restored (41).
An orc is nearby!
An orc is nearby!
An orc is nearby!
An orc is nearby!
An orc comes into view. It is wielding a +0 trident.
There is a stone staircase leading down here.
An orc wizard comes into view. It is wielding a +0 dagger.
The orc wizard shouts!
The orc wizard mumbles some strange words.
The orc wizard flickers and vanishes!
Deactivating autopickup; reactivate with Ctrl-A.
The orc hits you with a +0 hand axe.
The orc hits you from afar with a +0 trident. 😕 HP[-4]
You take 4 damage, and now have 37/41 hp.
You tentacle-slap the orc. You grab the orc. You constrict the orc.
You kill the orc!
Something hits you. The orc completely misses you. 😕 HP[-1]
You take 1 damage, and now have 36/41 hp.
You closely miss something. Your squeeze misses something.
You hear some strange, mumbled words.
A magic dart appears from out of thin air!
The magic dart hits you! The orc closely misses you. 😮 HP[-7]
You take 7 damage, and now have 29/41 hp.
You are too injured to fight recklessly!
You are too injured to fight recklessly!
You are too injured to fight recklessly!
Unknown command.
You barely miss something. You squeeze something. You closely miss something.
You squeeze something.
The orc hits you from afar with a +0 trident.
Something hits you. 😮 HP[-8]
You take 8 damage, and now have 21/41 hp.
You tentacle-slap something. Your squeeze misses something.
The orc hits you from afar with a +0 trident.
* * * LOW HITPOINT WARNING * * *
You hear some strange, mumbled words.
A magic dart appears from out of thin air!
The magic dart hits you.
* * * LOW HITPOINT WARNING * * *
😨 HP[-9]
You take 9 damage, and now have 12/41 hp.
MASSIVE DAMAGE!! (PAUSE)
You miss something. Something hits you.
* * * LOW HITPOINT WARNING * * *
The orc barely misses you. 😱 HP[-3]
You take 3 damage, and now have 9/41 hp.
You miss something. Your squeeze misses something. The orc closely misses you.
Something hits you.
* * * LOW HITPOINT WARNING * * *
😱 HP[-5]
You take 5 damage, and now have 4/41 hp.
You tentacle-slap something but do no damage.
The orc barely misses you.
You hear some strange, mumbled words.
A puff of flame appears from out of thin air!
The puff of flame misses you.
You tentacle-slap something. Your squeeze misses something. Something hits you.
* * * LOW HITPOINT WARNING * * *
The orc hits you from afar with a +0 trident!
You die...

Skill      XL: |  1  2  3  4  5 |
---------------+----------------+-----
Fighting       | 2 |  2.9
Dodging        | 3 |  3.3
Unarmed Combat | 4 |  4.2
Shapeshifting  | |  3.8

Action                     |  1- 3 |  4- 6 || total
---------------------------+-------+-------++-------
  Melee: Unarmed           |    76 |    76 ||   152
         Constrict         |    19 |    22 ||    41
         Tentacles         |    16 |    19 ||    35
         Punch             |     1 |       ||     1
  Throw: Javelin           |       |     3 ||     3
    Use: Scroll            |       |     3 ||     3
         Potion            |       |     1 ||     1
   Stab: Sleeping          |     5 |     7 ||    12
 Armour: Skin              |     4 |       ||     4
  Dodge: Dodged            |    34 |    43 ||    77

Levels and vault maps discovered:
D:1:      dpeg_arrival_short_road, layout_basic, serial_forest,
          infiniplex_forest_corner_1, infiniplex_forest_end_3,
          infiniplex_forest_clump_small, infiniplex_forest_zigzag_1,
          infiniplex_forest_join, infiniplex_forest_lined_4_way,
          infiniplex_forest_clump_small, infiniplex_forest_lined_room_2,
          serial_shops, shop
D:2:      layout_loops_ring
D:3:      layout_basic, lemuel_round_altar
D:4:      layout_loops_ring, minitemple, minmay_temple_entry_butterflies,
          lightli_corner_chamber, uniq_ijyb

Notes
Turn   | Place    | Note
-------+----------+-------------------------------------------
     0 | D:1      | spiderkeys the Octopode Shapeshifter began the quest for
                  | the Orb.
     0 | D:1      | Reached XP level 1. HP: 13/13 MP: 1/1
     0 | D:1      | magus.rc [v1.11.6]
   115 | D:1      | Reached XP level 2. HP: 18/18 MP: 2/2
   369 | D:1      | Reached XP level 3. HP: 6/23 MP: 3/3
   372 | D:1      | HP: 5/23 [kobold/+0 dagger (2)]
   373 | D:1      | HP: 2/23 [kobold/+0 dagger (3)]
   619 | D:1      | Found Niryl's Distillery.
  1374 | D:2      | Reached skill level 2 in Fighting
  1374 | D:2      | Reached XP level 4. HP: 28/29 MP: 4/4
  1988 | D:3      | HP: 7/29 [jackal (2)]
  2158 | D:3      | Found a glowing golden altar of the Shining One.
  2363 | D:3      | Reached XP level 5. HP: 33/35 MP: 5/5
  2365 | D:3      | Reached skill level 3 in Dodging
  2811 | D:4      | Reached skill level 4 in Unarmed Combat
  3095 | D:4      | Noticed Ijyb
  3102 | D:4      | Killed Ijyb
  3146 | D:4      | Found a shimmering altar of Xom.
  3147 | D:4      | Found a hazy altar of Hepliaklqana.
  3148 | D:4      | Found a sacrificial altar of Ru.
  3149 | D:4      | Found a hide-covered altar of Uskayaw.
  3195 | D:4      | Identified the +4 spear "Loghauqe" {freeze, *Noise rElec
                  | Will+}
  3248 | D:4      | Reached XP level 6. HP: 27/41 MP: 6/6
  3301 | D:4      | Found a staircase to the Ecumenical Temple.
  3311 | D:4      | HP: 9/41 [something (4)]
  3312 | D:4      | HP: 4/41 [something (5)]
  3314 | D:4      | Mangled by an orc

Vanquished Creatures
  An iguana (D:4)
  Ijyb (D:4)
  6 gnolls (D:3)
  3 adders (D:2)
  A worm (D:2)
  2 dart slugs (D:1)
  6 orcs
  2 bats
  10 endoplasms
  3 giant cockroaches
  3 goblins
  5 hobgoblins
  4 jackals (D:3)
  2 quokkas (D:1)
  10 ball pythons
  3 frilled lizards
  6 kobolds
  7 rats
75 creatures vanquished.

Table legend:
 A = Non-vault XP
 B = Vault XP
 C = Vault XP percentage of total XP
 D = Non-vault monster count
 E = Vault monster count
 F = Vault count percentage of total count
                 A         B        C        D         E       F
            +---------+---------+-------+---------+---------+-------
      Total |     290 |      36 |  11.0 |      74 |       1 |   1.3
            +---------+---------+-------+---------+---------+-------
        D:1 |      49 |       0 |   0.0 |      27 |       0 |   0.0
        D:2 |      73 |       0 |   0.0 |      22 |       0 |   0.0
        D:3 |     109 |       0 |   0.0 |      17 |       0 |   0.0
        D:4 |      59 |      36 |  37.9 |       8 |       1 |  11.1
            +---------+---------+-------+---------+---------+-------

Skill      XL: |  1  2  3  4  5 |
---------------+----------------+-----
Fighting       | 2 |  2.9
Dodging        | 3 |  3.3
Unarmed Combat | 4 |  4.2
Shapeshifting  | |  3.8

Action                     |  1- 3 |  4- 6 || total
---------------------------+-------+-------++-------
  Melee: Unarmed           |    76 |    76 ||   152
         Constrict         |    19 |    22 ||    41
         Tentacles         |    16 |    19 ||    35
         Punch             |     1 |       ||     1
  Throw: Javelin           |       |     3 ||     3
    Use: Scroll            |       |     3 ||     3
         Potion            |       |     1 ||     1
   Stab: Sleeping          |     5 |     7 ||    12
 Armour: Skin              |     4 |       ||     4
  Dodge: Dodged            |    34 |    43 ||    77

Illustrated notes

Table legend:
 A = Kills in this place as a percentage of kills in the entire game.
 B = Kills by you in this place as a percentage of kills by you in the entire game.
 C = Kills by friends in this place as a percentage of kills by friends in the entire game.
 D = Other kills in this place as a percentage of other kills in the entire game.
 E = Experience gained in this place as a percentage of experience gained in the entire game.
 F = Experience gained in this place divided by the number of levels of this place that you have seen.
                   A       B       C       D       E      F
               +-------+-------+-------+-------+-------+----------------------
         Total | 100.0 | 100.0 |   N/A |   N/A | 100.0 |  81.5
       Dungeon | 100.0 | 100.0 |   N/A |   N/A | 100.0 |  81.5
               +-------+-------+-------+-------+-------+----------------------

Table legend: (Time is in decaauts)
 A = Elapsed time spent in this place.
 B = Non-inter-level travel time spent in this place.
 C = Inter-level travel time spent in this place.
 D = Time resting spent in this place.
 E = Time spent auto-exploring this place.
 F = Levels seen in this place.
 G = Mean time per level.
                   A        B        C        D        E       F      G
               +--------+--------+--------+--------+--------+-----+--------+
         Total |   3287 |   3187 |    100 |     47 |   2680 |   4 |  821.8 |
       Dungeon |   3287 |   3187 |    100 |     47 |   2680 |   4 |  821.8 |
               +--------+--------+--------+--------+--------+-----+--------+

Top non-repeatable levels by time:
     D:1: 1137 daAuts
     D:3: 804 daAuts
     D:2: 771 daAuts
     D:4: 574 daAuts
